 Dungeon Crawl Stone Soup version 0.30-a0-1163-gf69bf04e7a (webtiles) character file.

Game seed: 8859941704517097662

22 themarg the Chiller (level 2, -1/19 HPs)
             Began as a Merfolk Ice Elementalist on Apr 29, 2023.
             Slain by a worm (9 damage)
             ... on level 2 of the Dungeon.
             The game lasted 00:02:22 (1177 turns).

themarg the Chiller (Merfolk Ice Elementalist)      Turns: 1177, Time: 00:02:23

Health: -1/19      AC:  3    Str:  8    XL:     2   Next: 91%
Magic:  1/5        EV: 12    Int: 14    God:
Gold:   48         SH:  0    Dex: 14    Spells: 4/5 levels left

rFire   . . .        e - +0 spear
rCold   . . .        (no shield)
rNeg    . . .        a - +0 robe
rPois   .            (no helmet)
rElec   .            d - +0 cloak
rCorr   .            (no gloves)
SInv    +            (no boots)
Will    .....        (no amulet)
Stlth   ++           c - ring of see invisible
HPRegen 0.23/turn    (no ring)
MPRegen 0.09/turn

%: no passive effects
@: no status effects
A: (nimble swimmer 2), mertail
a: no special abilities


You were on level 2 of the Dungeon.
You visited 1 branch of the dungeon, and saw 2 of its levels.

You collected 48 gold pieces.

Inventory:

Hand Weapons
 e - a +0 spear (weapon)
 h - a +0 short sword of draining
Missiles
 f - 18 stones
 j - 5 atropa-tipped darts
 m - 2 javelins
Armour
 a - a +0 robe (worn)
 d - a +0 cloak (worn)
Jewellery
 c - a ring of see invisible (left hand)
 l - an amulet of guardian spirit
Scrolls
 k - a scroll of identify {unknown}
Potions
 b - a potion of magic
 g - a potion of curing {unknown}
 i - a potion of ambrosia {unknown}


   Skills:
 - Level 2.6 Dodging
 - Level 2.1 Stealth
 - Level 2.0 Spellcasting
 + Level 5.3 Ice Magic


You had 4 spell levels left.
You knew the following spells:

 Your Spells              Type           Power      Damage    Failure   Level
a - Freeze                Ice            64%        1d7       2%          1

Your spell library contained the following spells:

 Spells                   Type           Power      Damage    Failure   Level
 Frozen Ramparts          Ice            32%        1d5       8%          3
 Ozocubu's Armour         Ice            16%        N/A       8%          3
 Summon Ice Beast         Ice/Summ       8%         N/A       61%         4


Dungeon Overview and Level Annotations

Branches:
Dungeon (2/15)

Altars:

Annotations:
D:1 2 transporters


Innate Abilities, Weirdness & Mutations

((You are very nimble when in or above water. (Stealth+, EV+, Speed+++)))
Your lower body shifts to a powerful aquatic tail in water.


Message History

You freeze the worm.
The worm is lightly wounded.
Aiming: Freeze (safe; 2% risk of failure)
Press: ? - help, Shift-Dir - straight line, f/p - worm
Aim: a worm (lightly wounded)
You freeze the worm.
The worm is moderately wounded.
The worm bites you!
Ouch! That really hurt!
Your magical contamination has completely faded away.
An adder comes into view.
Unknown command.
The adder barely misses you.
Aiming: Freeze (safe; 2% risk of failure)
Press: ? - help, Shift-Dir - straight line, f - adder, p - worm
Aim: an adder You freeze the adder.
The adder is lightly wounded.
The adder seems to slow down.
The adder closely misses you.
You don't have enough magic to cast this spell.
Unknown command.
You closely miss the adder.
The adder is lightly wounded.
The adder barely misses you.
You closely miss the adder.
The adder is lightly wounded.
The adder is no longer moving slowly.
The adder bites you.
You hit the adder.
The adder is moderately wounded.
The adder bites you. The adder bites you but does no damage.
You hit the adder.
The adder is severely wounded.
The adder barely misses you.
You closely miss the adder.
The adder is severely wounded.
The adder closely misses you.
You completely miss the adder.
The adder is severely wounded.
The adder bites you but does no damage. The worm bites you!
You die...

#........###.#.##
#.#####.........#
#.....†<...#
#....#.....#####
......>#.........#
###..#.#....#....#
#..S...........
##.#.##S.##.##.
..#.#..@....# #.
####.#..w....# .
#.........##.# #.
#............# #..
#.........####
#..####..........#
... #..#######.#
#.##.##..# #
#........#


You could see a worm and an adder.

Vanquished Creatures
  2 ball pythons (D:1)
  3 endoplasms (D:1)
  2 giant cockroaches (D:1)
  2 goblins (D:1)
  A hobgoblin (D:1)
  2 kobolds (D:1)
  4 bats
  2 frilled lizards (D:1)
  A rat (D:1)
19 creatures vanquished.

Notes
Turn   | Place    | Note
-------+----------+-------------------------------------------
     0 | D:1      | themarg the Merfolk Ice Elementalist began the quest for
                  | the Orb.
     0 | D:1      | Reached XP level 1. HP: 13/13 MP: 3/3
   231 | D:1      | Reached XP level 2. HP: 19/19 MP: 0/5
   326 | D:1      | Reached skill level 5 in Ice Magic
  1177 | D:2      | Slain by a worm

Illustrated notes

Levels and vault maps discovered:
D:1:      spicycebolla_arrival_transporter_tutorial, layout_loops_ring,
          chequers_serial_rivers_large_b
D:2:      layout_basic

Skill      XL: |  1  2 |
---------------+-------+-----
Ice Magic      | 5 |  5.3
Dodging        | |  2.6
Stealth        | |  2.1
Spellcasting   | |  2.0

Action                     || total
---------------------------++-------
  Melee: Spear             ||     8
   Cast: Freeze            ||    30
 Armour: Robe              ||     7
  Dodge: Dodged            ||    25

Table legend: (Time is in decaauts)
 A = Elapsed time spent in this place.
 B = Non-inter-level travel time spent in this place.
 C = Inter-level travel time spent in this place.
 D = Time resting spent in this place.
 E = Time spent auto-exploring this place.
 F = Levels seen in this place.
 G = Mean time per level.
                   A        B        C        D        E       F      G
               +--------+--------+--------+--------+--------+-----+--------+
         Total |   1155 |   1140 |     15 |    123 |    855 |   2 |  577.5 |
       Dungeon |   1155 |   1140 |     15 |    123 |    855 |   2 |  577.5 |
               +--------+--------+--------+--------+--------+-----+--------+

Top non-repeatable levels by time:
     D:1: 1090 daAuts
     D:2: 65 daAuts
